[Event "Titled Tuesday Blitz February 21 Early 2023"]
[White "Arencibia Monduy, Antonio"]
[Black "Topalov, Aleksandar"]
[WhiteFideId "3507939"]
[BlackFideId "925659"]
[WhiteElo "2122"]
[BlackElo "2233"]
[Result "1-0"]
[Round "11"]
[TimeControl "180+2"]
[Date "2023.02.21"]
[WhiteClock "0:00:19"]
[BlackClock "0:00:04"]

1. e4 e6 2. d4 d5 3. Bd3 dxe4 4. Bxe4 Nf6 5. Bf3 c5 6. Ne2 Nc6 7. Bxc6+ bxc6 8. c3 cxd4 9. cxd4 Bb4+ 10. Nbc3 O-O 11. O-O c5 12. Bg5 cxd4 13. Nxd4 Bb7 14. a3 Be7 15. Nde2 Qb6 16. Be3 Qc6 17. f3 Rfd8 18. Qc2 a6 19. Rfe1 Rac8 20. Rac1 Nd5 21. Bd4 Bc5 22. Kh1 Bxd4 23. Nxd4 Qe8 24. Nde2 h6 25. Qb3 Rb8 26. Nxd5 Bxd5 27. Qc2 Rdc8 28. Nc3 Bb3 29. Qe2 a5 30. Ne4 Rxc1 31. Rxc1 Bd5 32. Nc3 Qc6 33. Rd1 Bc4 34. Qf2 Qb7 35. Rd2 Qc7 36. Qd4 e5 37. Qh4 Be6 38. h3 f6 39. Qf2 Rd8 40. Qe3 Rxd2 41. Qxd2 Bb3 42. Qd3 a4 43. Qd2 Qc6 44. Qd8+ Kh7 45. Qd3+ Kg8 46. Kh2 Kh8 47. Qd8+ Kh7 48. Qd3+ Kg8 49. h4 Qc7 50. Ne4 f5 51. Ng3 1-0


[Site "https://www.chess.com"]

[Event "Titled Tuesday Blitz February 21 Early 2023"]
[White "Balabayeva, Xeniya"]
[Black "Delgado Rosas, Fatima Alexandra"]
[WhiteFideId "13719688"]
[BlackFideId "6603963"]
[WhiteElo "2191"]
[BlackElo "1500"]
[Result "1-0"]
[Round "11"]
[TimeControl "180+2"]
[Date "2023.02.21"]
[WhiteClock "0:00:04"]
[BlackClock "0:01:01"]

1. e4 Nc6 2. Nf3 d5 3. exd5 Qxd5 4. Nc3 Qh5 5. Be2 Bg4 6. h3 Nf6 7. d3 O-O-O 8. Be3 e5 9. O-O Bxf3 10. Bxf3 Qg6 11. Bxc6 bxc6 12. Qf3 Nd5 13. Bxa7 Bb4 14. Nxd5 cxd5 15. a3 Ba5 16. b4 Kb7 17. Be3 Bb6 18. Bxb6 cxb6 19. c4 e4 20. dxe4 dxe4 21. Qe2 Rd3 22. f3 e3 23. Rad1 Rhd8 24. f4 Qe4 25. Rxd3 Rxd3 26. a4 Qxc4 27. Kh2 Rd2 28. Qxc4 e2 29. Rc1 Rd7 30. Qc6+ 1-0


[Site "https://www.chess.com"]

[Event "Titled Tuesday Blitz February 21 Early 2023"]
[White "Erzhanov, Arman"]
[Black "Dauner, Benedikt"]
[WhiteFideId "4138821"]
[BlackFideId "16225899"]
[WhiteElo "2228"]
[BlackElo "2400"]
[Result "1-0"]
[Round "11"]
[TimeControl "180+2"]
[Date "2023.02.21"]
[WhiteClock "0:00:06"]
[BlackClock "0:00:03"]

1. e4 e6 2. b3 Qf6 3. d4 d5 4. e5 Qd8 5. Nf3 c5 6. c3 Nc6 7. Be2 Qb6 8. O-O Bd7 9. a3 Rc8 10. b4 cxd4 11. cxd4 Nge7 12. Bb2 Nf5 13. Kh1 Nce7 14. Nc3 Ng6 15. Rc1 Be7 16. Na4 Rxc1 17. Bxc1 Qc6 18. Nc5 Bxc5 19. bxc5 Qa4 20. Qd3 a6 21. Qb1 Bc6 22. Bb2 Nf4 23. Re1 Nxe2 24. Rxe2 O-O 25. g4 Nh6 26. Ng5 g6 27. h3 Qb3 28. Re3 Qc4 29. Qd1 Kg7 30. Qf3 Ng8 31. Qd1 Bb5 32. Kg1 h6 33. Nf3 Qa4 34. Qc1 Rc8 35. Qd2 Be8 36. Bc1 Qb5 37. Nh2 b6 38. cxb6 Qxb6 39. h4 Qc6 40. Re1 Qc2 41. Qf4 Rc3 42. Nf3 Qb3 43. Kg2 Bb5 44. h5 Bd3 45. hxg6 fxg6 46. Kg1 Be4 47. Nh4 Rh3 48. Ng2 Qf3 49. Qxf3 Bxf3 50. Be3 Ne7 51. Rb1 Bxg4 52. Rb7 Kf7 53. Nf4 Rh4 54. Ra7 Bf3 55. Ng2 Rg4 56. Kf1 Bxg2+ 57. Ke2 Be4 58. f3 Rh4 59. Bf2 Rh2 60. fxe4 dxe4 61. Ke3 g5 62. Bg3 Rh3 63. Kf2 Ke8 64. Kg2 g4 65. Ra8+ Kd7 66. Ra7+ Kd8 67. Rxa6 Nf5 68. Ra8+ Kd7 69. Ra7+ Kc6 70. Bf4 Nxd4 71. Ra6+ Kd5 72. Rd6+ Kc4 73. a4 Kd3 74. a5 Ke2 75. a6 Rf3 76. a7 Rf2+ 77. Kg3 Nf5+ 78. Kxg4 Nxd6 79. exd6 e3 80. a8=Q Rg2+ 81. Kh3 Rg6 82. Qa2+ Kf3 83. Bxe3 Kxe3 84. d7 Kf3 85. d8=Q Rg5 86. Qd3+ Kf4 87. Qf2+ Ke5 88. Qfd4# 1-0


[Site "https://www.chess.com"]

[Event "Titled Tuesday Blitz February 21 Early 2023"]
[White "rikchessmx"]
[Black "Degenbaev, Aziz"]
[BlackFideId "13802640"]
[WhiteElo "2351"]
[BlackElo "2203"]
[Result "0-1"]
[Round "11"]
[TimeControl "180+2"]
[Date "2023.02.21"]
[WhiteClock "0:01:22"]
[BlackClock "0:00:31"]

1. e4 c5 2. Nf3 d6 3. d4 cxd4 4. Nxd4 Nf6 5. Nc3 a6 6. f4 e5 7. Nf3 Nbd7 8. Bd3 b5 9. a3 Be7 10. O-O O-O 11. Qe1 Bb7 12. fxe5 dxe5 13. Kh1 Re8 14. Nh4 Nxe4 15. Nf5 Nd6 16. Nxg7 Kxg7 17. Qg3+ Kh8 18. Qh3 e4 19. Nxe4 Bxe4 20. Bxe4 Nxe4 21. Rxf7 Ndf6 22. Bh6 Qd5 23. Bg7+ Kg8 24. Rxf6 Bxf6 25. Bxf6 Nf2+ 0-1


[Site "https://www.chess.com"]

[Event "Titled Tuesday Blitz February 21 Early 2023"]
[White "Zaksaite, Salomeja"]
[Black "Meera, Sai"]
[WhiteFideId "12801496"]
[BlackFideId "5004357"]
[WhiteElo "2283"]
[BlackElo "2064"]
[Result "0-1"]
[Round "11"]
[TimeControl "180+2"]
[Date "2023.02.21"]
[WhiteClock "0:00:01"]
[BlackClock "0:01:03"]

1. d4 Nf6 2. Nc3 d5 3. Bf4 g6 4. e3 Bg7 5. h4 h5 6. Nf3 O-O 7. Bd3 c5 8. dxc5 Nbd7 9. Na4 Ne4 10. Bxe4 dxe4 11. Ng5 Qa5+ 12. c3 Nxc5 13. Nxc5 Qxc5 14. Nxe4 Qb5 15. Qe2 Qc6 16. f3 Bf5 17. Ng3 Be6 18. Kf2 Bc4 19. Qc2 e5 20. Bg5 f6 21. Qxg6 fxg5 22. Qxc6 bxc6 23. hxg5 Rad8 24. b3 Rd2+ 25. Kg1 Bd3 26. Rxh5 e4 27. f4 Bxc3 28. Rc1 Bc2 29. f5 Bb2 30. Rf1 Be5 31. Rh3 Bd3 32. Re1 Bxg3 33. Rxg3 Rxf5 34. g6 Kg7 35. Rc1 Rf6 36. Rc5 Rxg6 37. Rxg6+ Kxg6 38. Rxc6+ Kf5 39. Rc7 Rxa2 40. Kh2 a5 41. Kg3 Re2 42. Rc5+ Kf6 43. Kf4 Rxg2 44. Rxa5 Rf2+ 45. Kg4 Rf3 0-1


[Site "https://www.chess.com"]

[Event "Titled Tuesday Blitz February 21 Early 2023"]
[White "Goroshkov, Maksym"]
[Black "Jenkins, Drake"]
[WhiteFideId "14142716"]
[BlackFideId "2022397"]
[WhiteElo "2287"]
[BlackElo "2130"]
[Result "1-0"]
[Round "11"]
[TimeControl "180+2"]
[Date "2023.02.21"]
[WhiteClock "0:01:29"]
[BlackClock "0:00:02"]

1. e4 c5 2. d4 cxd4 3. c3 d3 4. Bxd3 Nc6 5. Nf3 g6 6. O-O Bg7 7. Na3 Nf6 8. e5 Ng4 9. Nc4 Ngxe5 10. Ncxe5 Nxe5 11. Nxe5 Bxe5 12. Bh6 Qc7 13. g3 d6 14. Re1 Bd7 15. Qb3 Qb6 16. Qc4 Qc6 17. Qh4 O-O-O 18. Qxe7 Rde8 19. Qh4 f6 20. Qc4 g5 21. f4 gxf4 22. Qxc6+ Bxc6 23. gxf4 Rhg8+ 24. Kf1 1-0


[Site "https://www.chess.com"]

[Event "Titled Tuesday Blitz February 21 Early 2023"]
[White "Mayaud, Raphael"]
[Black "gshwbedhkhd"]
[WhiteFideId "627151"]
[WhiteElo "2201"]
[BlackElo "2556"]
[Result "0-1"]
[Round "11"]
[TimeControl "180+2"]
[Date "2023.02.21"]
[WhiteClock "0:00:15"]
[BlackClock "0:00:38"]

1. d4 f5 2. g3 Nf6 3. Bg2 g6 4. c4 Bg7 5. Nh3 d6 6. d5 O-O 7. Nf4 c6 8. Nc3 Bd7 9. O-O Qe8 10. Qc2 g5 11. Nd3 Na6 12. b3 e5 13. dxe6 Bxe6 14. Bxg5 Ng4 15. Rad1 Bf6 16. Bxf6 Rxf6 17. Nf4 Rh6 18. h3 Ne5 19. e4 fxe4 20. Nxe4 Rd8 21. Rfe1 Bf5 22. Qb2 Nb4 23. Nxd6 Rhxd6 24. Rxd6 Rxd6 25. Qxe5 Qxe5 26. Rxe5 Bc2 27. Re7 Nxa2 28. Rxb7 a5 29. Bf3 Nb4 30. Ra7 Bxb3 31. Rxa5 Bxc4 32. h4 Bb5 33. h5 Nc2 34. g4 Rf6 35. Ra8+ Kg7 36. Ra7+ Kh6 37. g5+ Kxg5 38. Nh3+ Kh4 39. Kg2 Ne1+ 40. Kh1 Rxf3 41. Ng1 Rxf2 42. Rxh7 Bc4 0-1


[Site "https://www.chess.com"]

[Event "Titled Tuesday Blitz February 21 Early 2023"]
[White "Ibadov, Dashgyn"]
[Black "Avazkhonov, Alikhon"]
[WhiteFideId "24107514"]
[BlackFideId "14208504"]
[WhiteElo "2391"]
[BlackElo "1538"]
[Result "0-1"]
[Round "11"]
[TimeControl "180+2"]
[Date "2023.02.21"]
[WhiteClock "0:01:22"]
[BlackClock "0:02:24"]

1. e4 c5 2. Nc3 d6 3. d4 cxd4 4. Qxd4 Nf6 5. Nf3 Nc6 6. Qd2 g6 7. b3 Bg7 8. Bb2 Nxe4 9. Qe3 Qa5 10. O-O-O Nxc3 11. Rd3 Nxa2+ 12. Kb1 Bxb2 13. Kxb2 Nab4 14. Rd2 Qa2+ 15. Kc3 Qa1+ 0-1


[Site "https://www.chess.com"]

[Event "Titled Tuesday Blitz February 21 Early 2023"]
[White "Novikov, Evgenij"]
[Black "Szyszylo, Rafal"]
[WhiteFideId "4125380"]
[BlackFideId "1109626"]
[WhiteElo "2276"]
[BlackElo "2091"]
[Result "1-0"]
[Round "11"]
[TimeControl "180+2"]
[Date "2023.02.21"]
[WhiteClock "0:01:37"]
[BlackClock "0:01:08"]

1. e4 g6 2. f4 d6 3. Nf3 Nf6 4. e5 dxe5 5. fxe5 Nd5 6. c4 Nf4 7. d4 Ne6 8. d5 Ng7 9. Nc3 c6 10. Be3 Nf5 11. Bf2 h5 12. Bd3 Bh6 13. Qe2 O-O 14. h3 cxd5 15. cxd5 Bg7 16. g4 hxg4 17. hxg4 Nh6 18. g5 Ng4 19. O-O-O Nxf2 20. Qxf2 Re8 21. e6 Qb6 22. exf7+ Kxf7 23. Ne5+ 1-0


[Site "https://www.chess.com"]

[Event "Titled Tuesday Blitz February 21 Early 2023"]
[White "Padmini, Rout"]
[Black "Koridze, Lile"]
[WhiteFideId "5029295"]
[BlackFideId "13612514"]
[WhiteElo "2375"]
[BlackElo "2191"]
[Result "1/2-1/2"]
[Round "11"]
[TimeControl "180+2"]
[Date "2023.02.21"]
[WhiteClock "0:00:26"]
[BlackClock "0:00:14"]

1. e4 c5 2. Nf3 d6 3. c3 Nf6 4. Be2 g6 5. O-O Bg7 6. Bb5+ Bd7 7. Bxd7+ Qxd7 8. Re1 O-O 9. d4 cxd4 10. cxd4 Nc6 11. Nc3 a6 12. h3 Rac8 13. e5 Ne8 14. Bf4 e6 15. Ne4 dxe5 16. dxe5 Qc7 17. Rc1 Qb8 18. Qd2 Rd8 19. Qe3 Nc7 20. Nf6+ Kh8 21. Ng5 Nd5 22. Nxd5 Rxd5 23. Qg3 h6 24. Nf3 Kh7 25. Qh4 Qd8 26. Bg5 Qd7 27. Bf6 Nd4 28. Ng5+ Kg8 29. Ne4 Nf5 30. Qf4 Rd4 31. Qf3 Rc8 32. Bxg7 Kxg7 33. Nf6 Rxc1 34. Rxc1 Qb5 35. g4 Qxe5 36. Ne8+ Kf8 37. Rc8 Qe1+ 38. Kh2 Qe5+ 39. Kg1 Qe1+ 40. Kh2 Qe5+ 41. Kg1 1/2-1/2


[Site "https://www.chess.com"]

[Event "Titled Tuesday Blitz February 21 Early 2023"]
[White "Sai Han Thiha"]
[Black "I_KID_you_not"]
[WhiteFideId "13012290"]
[WhiteElo "2070"]
[BlackElo "2364"]
[Result "1-0"]
[Round "11"]
[TimeControl "180+2"]
[Date "2023.02.21"]
[WhiteClock "0:00:34"]
[BlackClock "0:00:47"]

1. d4 Nf6 2. c4 c5 3. d5 b5 4. cxb5 a6 5. bxa6 Bxa6 6. Nc3 d6 7. e4 Bxf1 8. Kxf1 g6 9. Nf3 Qc8 10. g3 Qh3+ 11. Kg1 Bg7 12. Ng5 Qc8 13. Kg2 O-O 14. a4 Qa6 15. Nb5 Rc8 16. Qe2 Ne8 17. Ra3 h6 18. Nf3 Nd7 19. Re1 Nc7 20. Nxc7 Rxc7 21. b3 Bc3 22. Qxa6 Rxa6 23. Re2 Kg7 24. Rc2 Bb4 25. Raa2 f5 26. Bb2+ Kf7 27. Re2 c4 28. bxc4 Rxc4 29. exf5 gxf5 30. Nh4 f4 31. Nf5 Nf6 32. Rxe7+ Kg6 33. Nh4+ Kh5 34. Bxf6 1-0


[Site "https://www.chess.com"]

[Event "Titled Tuesday Blitz February 21 Early 2023"]
[White "Alice, Mateus Felizardo Viageiro"]
[Black "Eynullayev, Atilla"]
[WhiteFideId "14800047"]
[BlackFideId "13413570"]
[WhiteElo "2202"]
[BlackElo "2281"]
[Result "0-1"]
[Round "11"]
[TimeControl "180+2"]
[Date "2023.02.21"]
[WhiteClock "0:01:34"]
[BlackClock "0:00:23"]

1. e4 c5 2. Nf3 d6 3. d4 cxd4 4. Nxd4 Nf6 5. Nc3 a6 6. f3 e5 7. Nb3 Be7 8. Be3 Be6 9. Qd2 O-O 10. O-O-O Nbd7 11. g4 b5 12. Nd5 Bxd5 13. exd5 Nb6 14. Bxb6 Qxb6 15. Kb1 a5 16. Bd3 a4 17. Nc1 b4 18. Ne2 Rfc8 19. Bf5 Rc5 20. Be4 Rc7 21. Ng3 Bf8 22. g5 Nd7 23. h4 a3 24. b3 Rc3 25. h5 Rac8 26. Ne2 Re3 27. Ng3 Rec3 28. g6 Nf6 29. Bf5 R8c7 30. gxf7+ Kh8 31. h6 g6 32. Qg5 Rxf7 33. Be6 Qf2 34. Rd2 Qxf3 35. Rf1 Qxg3 36. Qxg3 Rxg3 37. Bxf7 Ne4 38. Rd3 Rxd3 39. cxd3 Nd2+ 0-1


[Site "https://www.chess.com"]

[Event "Titled Tuesday Blitz February 21 Early 2023"]
[White "Petrova, Irina"]
[Black "Sanchez, Robert"]
[WhiteFideId "14124122"]
[BlackFideId "2034360"]
[WhiteElo "2108"]
[BlackElo "1966"]
[Result "0-1"]
[Round "11"]
[TimeControl "180+2"]
[Date "2023.02.21"]
[WhiteClock "0:00:14"]
[BlackClock "0:01:04"]

1. e4 d5 2. exd5 Qxd5 3. Nc3 Qe6+ 4. Be2 Qg6 5. Bf3 Nc6 6. Nge2 e5 7. d3 Bd7 8. O-O O-O-O 9. Ng3 f5 10. Bxc6 Qxc6 11. f4 Bc5+ 12. Kh1 Nf6 13. fxe5 Ng4 14. Bg5 Nf2+ 15. Rxf2 Bxf2 16. Bxd8 Bxg3 17. Bxc7 Qxc7 18. hxg3 Qxe5 19. Qf3 g5 20. Qf2 h5 21. Re1 Qf6 22. Qxa7 h4 23. g4 Bc6 24. Qa8+ Kd7 25. Qa5 h3 26. Nd5 hxg2+ 27. Kxg2 Qd6 28. Re7+ Qxe7 29. Qc7+ Ke6 30. Qxe7+ Kxd5 31. gxf5 Kd4+ 32. Kg3 Rh1 33. Qd6+ Ke3 34. Qe5+ Kd2 35. f6 Rf1 36. Qxg5+ Kxc2 37. Qg6 Rg1+ 38. Kf2 Rxg6 39. f7 Rf6+ 0-1


[Site "https://www.chess.com"]

[Event "Titled Tuesday Blitz February 21 Early 2023"]
[White "Melikhov, Evgeny V."]
[Black "Delorme, Axel"]
[WhiteFideId "4122046"]
[BlackFideId "632023"]
[WhiteElo "2269"]
[BlackElo "2483"]
[Result "0-1"]
[Round "11"]
[TimeControl "180+2"]
[Date "2023.02.21"]
[WhiteClock "0:00:07"]
[BlackClock "0:00:12"]

1. d4 d5 2. c4 e6 3. Nc3 c5 4. cxd5 exd5 5. Nf3 Nc6 6. g3 Nf6 7. Bg2 cxd4 8. Nxd4 Bc5 9. Nxc6 bxc6 10. O-O O-O 11. b3 Re8 12. e3 Bg4 13. Qc2 Rc8 14. Na4 Bb6 15. Ba3 Qd7 16. Bc5 Rb8 17. Rac1 Rec8 18. Nxb6 axb6 19. Bd4 Qe6 20. Bb2 Nd7 21. Qc3 f6 22. Qd4 Bh3 23. Rfd1 Ne5 24. Qf4 Bxg2 25. Kxg2 Rd8 26. a4 c5 27. a5 c4 28. bxc4 Nxc4 29. Bd4 bxa5 30. h4 a4 31. h5 h6 32. Qf3 a3 33. Ba1 Ne5 34. Qe2 Qf5 35. Bd4 Qe4+ 36. Kg1 Nf3+ 37. Kf1 Nxd4 38. Rxd4 Qh1# 0-1


[Site "https://www.chess.com"]

[Event "Titled Tuesday Blitz February 21 Early 2023"]
[White "Torres Boch, Jose Francisco"]
[Black "QuiesPrecatio"]
[WhiteFideId "2278383"]
[WhiteElo "2180"]
[BlackElo "2417"]
[Result "1-0"]
[Round "11"]
[TimeControl "180+2"]
[Date "2023.02.21"]
[WhiteClock "0:00:51"]
[BlackClock "0:00:59"]

1. e4 e5 2. Nf3 Nc6 3. Bb5 Nf6 4. d3 d6 5. O-O a6 6. Bxc6+ bxc6 7. d4 exd4 8. Qxd4 c5 9. Qc4 Be6 10. Qe2 Nd7 11. Nc3 Be7 12. b3 Bf6 13. Bb2 O-O 14. Na4 Bxb2 15. Nxb2 Qf6 16. Nc4 Rfe8 17. h3 Qf4 18. Rfe1 Bxc4 19. Qxc4 Re6 20. a4 Rg6 21. Kf1 Rf6 22. Re2 Nb6 23. Qc3 Re6 24. a5 Nd7 25. Rae1 Ne5 26. Nxe5 Qxe5 27. Qxe5 Rxe5 28. f4 Re6 29. g4 f6 30. Kf2 Rae8 31. Kf3 c6 32. h4 Kf7 33. h5 Rb8 34. Rd1 Rb4 35. f5 Re7 36. Rxd6 c4 37. Re3 Reb7 38. Rxc6 cxb3 39. cxb3 Rxb3 40. Rxa6 Rxe3+ 41. Kxe3 Rb3+ 42. Kf4 Rb7 43. Rb6 Ra7 44. a6 1-0


[Site "https://www.chess.com"]

[Event "Titled Tuesday Blitz February 21 Early 2023"]
[White "Deev, Andrei"]
[Black "Miszler, Levente"]
[WhiteFideId "4102690"]
[BlackFideId "763276"]
[WhiteElo "2390"]
[BlackElo "2271"]
[Result "0-1"]
[Round "11"]
[TimeControl "180+2"]
[Date "2023.02.21"]
[WhiteClock "0:00:09"]
[BlackClock "0:01:26"]

1. e4 e6 2. d4 d5 3. Nd2 f5 4. exf5 exf5 5. Ngf3 Nf6 6. Ne5 Bd6 7. Ndf3 O-O 8. Bd3 Ne4 9. O-O Nc6 10. c4 Be6 11. Nxc6 bxc6 12. c5 Be7 13. Bf4 g5 14. Be5 g4 15. Ne1 Bf6 16. Bxf6 Qxf6 17. Nc2 f4 18. f3 gxf3 19. gxf3 Ng5 20. Kh1 Kh8 21. Rg1 Rg8 22. Qe2 Nh3 23. Rxg8+ Rxg8 24. Re1 Qg5 25. Qe5+ Qxe5 26. dxe5 Nf2# 0-1


[Site "https://www.chess.com"]

[Event "Titled Tuesday Blitz February 21 Early 2023"]
[White "Liu, Casper"]
[Black "Pourkashiyan, Atousa"]
[WhiteFideId "1454153"]
[BlackFideId "12502014"]
[WhiteElo "2278"]
[BlackElo "2282"]
[Result "0-1"]
[Round "11"]
[TimeControl "180+2"]
[Date "2023.02.21"]
[WhiteClock "0:02:35"]
[BlackClock "0:02:25"]

1. d4 Nf6 2. Bf4 e6 3. Nd2 d5 4. e3 Bd6 5. Bg3 O-O 6. Bd3 c5 7. Ne2 Nc6 8. Bxd6 Qxd6 9. dxc5 Qxc5 10. c4 Ne5 11. Nb3 Qb4+ 12. Nc3 dxc4 0-1


[Site "https://www.chess.com"]

[Event "Titled Tuesday Blitz February 21 Early 2023"]
[White "Simonovic, Miroslav"]
[Black "Rosenberg, Evan S"]
[WhiteFideId "919152"]
[BlackFideId "2019299"]
[WhiteElo "2082"]
[BlackElo "1956"]
[Result "0-1"]
[Round "11"]
[TimeControl "180+2"]
[Date "2023.02.21"]
[WhiteClock "0:00:15"]
[BlackClock "0:00:15"]

1. d4 d5 2. Bg5 f6 3. Bh4 Nh6 4. f3 Nf5 5. Bf2 Nc6 6. c3 e5 7. e4 dxe4 8. fxe4 Nd6 9. d5 Nxe4 10. Be3 Nb4 11. Qa4+ Bd7 12. Bb5 Bxb5 13. Qxb5+ c6 14. dxc6 bxc6 15. Qc4 Nc2+ 16. Ke2 Qd5 17. Nd2 Qxc4+ 18. Nxc4 Nxa1 19. Nd2 Nxd2 20. Kxd2 Rd8+ 21. Kc1 Rd3 22. Bd2 e4 23. Ne2 e3 24. Be1 g5 25. Bg3 Rd2 26. Nd4 c5 27. Nf5 Nc2 28. Nxe3 Nxe3 29. Kxd2 Nxg2 30. Rg1 Nf4 31. Bxf4 gxf4 32. Rf1 Bh6 33. Kd3 Kf7 34. Kc4 Rc8 35. Rf2 Ke6 36. Re2+ Kf5 37. Re7 f3 38. Re1 Bf4 39. Rf1 Ke4 40. Kb5 c4 41. b4 cxb3 42. axb3 Rxc3 43. b4 Ke3 44. Ka6 Ke2 45. Ra1 f2 46. Rh1 f1=Q 47. Rxf1 Kxf1 48. Kxa7 Rb3 49. b5 Rxb5 50. Ka6 Rb1 51. h4 Kg2 52. h5 h6 53. Ka5 Kh3 54. Ka4 Rb2 55. Ka3 Be5 56. Ka4 Kh4 57. Ka5 Kxh5 58. Ka4 Kg5 59. Ka5 Kf4 60. Ka4 Ke4 61. Ka5 Kd5 62. Ka4 Kc5 63. Ka5 Ra2# 0-1


[Site "https://www.chess.com"]

[Event "Titled Tuesday Blitz February 21 Early 2023"]
[White "Tologon tegin, Semetei"]
[Black "Fernandez Siles, Luis"]
[WhiteFideId "13800574"]
[BlackFideId "2209420"]
[WhiteElo "2372"]
[BlackElo "2218"]
[Result "0-1"]
[Round "11"]
[TimeControl "180+2"]
[Date "2023.02.21"]
[WhiteClock "0:00:09"]
[BlackClock "0:00:40"]

1. Nf3 Nf6 2. g3 g6 3. Bg2 Bg7 4. b3 O-O 5. Bb2 d5 6. c4 c5 7. cxd5 Nxd5 8. Bxg7 Kxg7 9. O-O Nc6 10. d4 cxd4 11. Nxd4 Nxd4 12. Qxd4+ Nf6 13. Qb2 Qb6 14. Nc3 Be6 15. Rac1 Rac8 16. Na4 Qb5 17. Qd4 b6 18. Nc3 Qc5 19. Qf4 Rfd8 20. Nd5 Qd6 21. Qxd6 exd6 22. Ne7 Rxc1 23. Rxc1 d5 24. e3 Kf8 25. Nc6 Rc8 26. b4 b5 27. Rc5 Nd7 28. Rc2 Bf5 29. Rc3 Be4 30. f3 d4 31. exd4 Rxc6 32. Re3 Bd5 33. Bf1 Bc4 34. Bh3 Rd6 35. a3 Rxd4 36. f4 Nf6 37. Bg2 Bd5 38. Bf1 Rd1 0-1


[Site "https://www.chess.com"]

[Event "Titled Tuesday Blitz February 21 Early 2023"]
[White "Lucassen, Mickey"]
[Black "Florescu, Codrut-Constantin"]
[WhiteFideId "12919110"]
[BlackFideId "1202200"]
[WhiteElo "2023"]
[BlackElo "2259"]
[Result "0-1"]
[Round "11"]
[TimeControl "180+2"]
[Date "2023.02.21"]
[WhiteClock "0:00:03"]
[BlackClock "0:01:04"]

1. e4 c5 2. Nc3 e6 3. Nge2 a6 4. g3 b5 5. Bg2 Bb7 6. d4 b4 7. Na4 cxd4 8. Nxd4 Nf6 9. O-O Be7 10. e5 Nd5 11. Qg4 Kf8 12. c4 bxc3 13. Nxc3 Nxc3 14. Bxb7 Ra7 15. Bg2 Nb5 16. Rd1 Nxd4 17. Qxd4 Rc7 18. Be3 Bc5 19. Qd3 Bxe3 20. Qxe3 h6 21. Rd6 g6 22. Rad1 Kg7 23. Qb6 Qc8 24. h4 h5 25. Kh2 Re8 26. b4 Rc2 27. a4 Qc3 28. Qd4 Qxd4 29. R1xd4 Rxf2 30. b5 axb5 31. axb5 Rb2 32. Rb6 Re2 33. Rb7 Rxe5 34. Ra4 Rc8 35. Ra8 Rc2 36. Rbxb8 Ree2 37. b6 Rxg2+ 38. Kh1 Rgd2 39. Ra1 Rb2 40. b7 Rd3 41. Kg1 Rxg3+ 42. Kf1 Rgb3 43. Ra7 Kf6 44. Ke1 Rh3 0-1


[Site "https://www.chess.com"]

[Event "Titled Tuesday Blitz February 21 Early 2023"]
[White "Hirneise, Jens"]
[Black "Rios Escobar, Adan"]
[WhiteFideId "24614734"]
[BlackFideId "3403645"]
[WhiteElo "2277"]
[BlackElo "2234"]
[Result "1-0"]
[Round "11"]
[TimeControl "180+2"]
[Date "2023.02.21"]
[WhiteClock "0:00:07"]
[BlackClock "0:00:02"]

1. d4 Nf6 2. c4 g6 3. Nc3 Bg7 4. e4 O-O 5. Be2 d6 6. Be3 Nc6 7. h4 e5 8. d5 Nd4 9. Bxd4 exd4 10. Qxd4 Re8 11. Qd3 Nd7 12. f3 Nc5 13. Qc2 h5 14. O-O-O Qf6 15. Nh3 Qxh4 16. Kb1 a6 17. g4 hxg4 18. fxg4 b5 19. Rdf1 b4 20. Na4 Nxe4 21. Nf4 Qg5 22. Rhg1 Bd7 23. Bd3 Qe5 24. Bxe4 Bxa4 25. Qh2 Qxe4+ 26. Ka1 Bd7 27. Rh1 Bxg4 28. Qh7+ Kf8 29. Nxg6+ Qxg6 30. Qxg6 1-0


[Site "https://www.chess.com"]

[Event "Titled Tuesday Blitz February 21 Early 2023"]
[White "Filgueira, Hernan"]
[Black "Smith, Garrett L"]
[WhiteFideId "101770"]
[BlackFideId "2024829"]
[WhiteElo "2283"]
[BlackElo "2047"]
[Result "1-0"]
[Round "11"]
[TimeControl "180+2"]
[Date "2023.02.21"]
[WhiteClock "0:01:34"]
[BlackClock "0:01:18"]

1. e4 c5 2. Nf3 Nc6 3. Bb5 e6 4. O-O Nge7 5. Re1 a6 6. Bf1 d5 7. d3 d4 8. a4 Ng6 9. Nbd2 e5 10. Nc4 Be7 11. Bd2 O-O 12. a5 Bd6 13. g3 f5 14. Nb6 fxe4 15. Nxa8 exf3 16. Nb6 Be6 17. c3 Qf6 18. c4 e4 19. Rxe4 Nce5 20. Nd5 Qf7 21. Nf4 Bf5 22. Nxg6 Qxg6 23. Rxe5 Bxe5 24. Qxf3 Bg4 25. Qd5+ Qe6 26. Qxe6+ Bxe6 27. Re1 Rf5 28. f4 1-0


[Site "https://www.chess.com"]

[Event "Titled Tuesday Blitz February 21 Early 2023"]
[White "Ezat, Mohamed"]
[Black "Lorenzo De La Riva, Lazaro"]
[WhiteFideId "10600906"]
[BlackFideId "2268809"]
[WhiteElo "2402"]
[BlackElo "2404"]
[Result "0-1"]
[Round "11"]
[TimeControl "180+2"]
[Date "2023.02.21"]
[WhiteClock "0:01:48"]
[BlackClock "0:00:52"]

1. d4 g6 2. e4 Bg7 3. h4 c5 4. dxc5 Na6 5. Nc3 Nxc5 6. Nf3 d6 7. h5 a6 8. h6 Bf8 9. e5 Bg4 10. exd6 Nf6 11. Be3 exd6 12. Qd4 Ne6 13. Qd2 Rc8 14. Nd4 Be7 0-1


[Site "https://www.chess.com"]

[Event "Titled Tuesday Blitz February 21 Early 2023"]
[White "mohsengabr2002"]
[Black "Zochowski, Kacper"]
[BlackFideId "1125494"]
[WhiteElo "2324"]
[BlackElo "2262"]
[Result "0-1"]
[Round "11"]
[TimeControl "180+2"]
[Date "2023.02.21"]
[WhiteClock "0:00:03"]
[BlackClock "0:00:26"]

1. b3 d6 2. Bb2 Nd7 3. e3 Ngf6 4. g4 g6 5. h4 h6 6. Bh3 e5 7. d4 Bg7 8. Nd2 exd4 9. Bxd4 b6 10. Qf3 Rb8 11. g5 Bb7 12. e4 hxg5 13. hxg5 Nh5 14. Bxd7+ Kxd7 15. Bxg7 Nxg7 16. Rxh8 Qxh8 17. Qxf7+ Kc8 18. O-O-O Bc6 19. Kb1 Kb7 20. Qxg6 Rf8 21. f3 Bd7 22. Ne2 Ne6 23. f4 Nxf4 24. Nxf4 Rxf4 25. Nc4 Bg4 26. Rc1 Be2 27. Ne3 Qe5 28. Rg1 Rxe4 29. Nf5 Bd3 30. cxd3 Re2 31. Qf6 Qh2 32. Rc1 Rxa2 33. g6 Ra3 34. Qb2 Qh3 35. Qxa3 Qxd3+ 36. Rc2 Qxf5 37. g7 Qg6 38. Qb2 a5 39. Ka2 a4 40. Rg2 axb3+ 41. Kxb3 Qd3+ 42. Qc3 Qb5+ 43. Kc2 Qf1 44. g8=Q Qf5+ 0-1


[Site "https://www.chess.com"]

[Event "Titled Tuesday Blitz February 21 Early 2023"]
[White "Sovetbekova, Nurai"]
[Black "Buchenau, Frank"]
[WhiteFideId "13801910"]
[BlackFideId "4604350"]
[WhiteElo "1764"]
[BlackElo "2222"]
[Result "0-1"]
[Round "11"]
[TimeControl "180+2"]
[Date "2023.02.21"]
[WhiteClock "0:00:01"]
[BlackClock "0:00:19"]

1. d4 e6 2. c4 Nf6 3. Nc3 Bb4 4. Bd2 b6 5. e3 Bb7 6. Nf3 O-O 7. Bd3 c5 8. a3 cxd4 9. exd4 Be7 10. O-O d5 11. cxd5 Nxd5 12. Qc2 Nf6 13. Ne5 Qxd4 14. Rfe1 Nbd7 15. Nxd7 Qxd7 16. Rad1 Rfd8 17. Bg5 Nd5 18. Bxe7 Qxe7 19. Bxh7+ Kh8 20. Nxd5 Bxd5 21. Be4 Rac8 22. Qe2 Bxe4 23. Qxe4 Kg8 24. h3 Qf6 25. b4 Qb2 26. Qe3 Rxd1 27. Rxd1 Rc3 28. Rd8+ Kh7 29. Qe4+ f5 30. Qh4+ Kg6 31. Rd6 Rc1+ 32. Kh2 Qe5+ 33. Qg3+ Qxg3+ 34. Kxg3 Rc3+ 35. f3 Kf6 36. a4 Rc4 37. Rd7 a5 38. b5 Rxa4 39. Rb7 Rb4 40. Rxb6 a4 41. Ra6 Ke5 42. b6 g5 43. b7 f4+ 44. Kh2 Rxb7 45. Rxa4 Rb5 46. Re4+ Kf5 47. Ra4 e5 48. Kg1 Rb2 49. Rc4 Rd2 50. Kh2 Rd4 51. Rc8 e4 52. fxe4+ Rxe4 53. Rf8+ Kg6 54. Rg8+ Kf6 55. Rf8+ Kg7 56. Ra8 Re2 0-1


[Site "https://www.chess.com"]